 Dungeon Crawl Stone Soup version 0.27-a0-1202-ge72e49191c (webtiles) character file.

Game seed: 10829512475580217031

2399 jasper the Stinger (level 9, -3/62 HPs)
             Began as a Demonspawn Venom Mage on June 3, 2021.
             Was an Initiate of Cheibriados.
             Slain by a six-headed hydra (12 damage)
             ... on level 7 of the Dungeon.
             The game lasted 00:16:02 (8652 turns).

jasper the Stinger (Demonspawn Venom Mage)          Turns: 8652, Time: 00:16:03

Health: -3/62      AC:  9    Str: 11    XL:     9   Next: 23%
Magic:  18/19      EV: 12    Int: 20    God:    Cheibriados [......]
Gold:   294        SH:  6    Dex: 19    Spells: 2/21 levels left

rFire    + + .     SeeInvis .   C - +8 Vampire's Tooth {vamp}
rCold    . . .     Faith    .   m - +1 buckler "Xipsug" {*Slow +Blink rF++ Slay+3}
rNeg     . . .     Spirit   .   D - +2 robe "Kot Hul" {Dex+3}
rPois    .         Reflect  .   s - +1 helmet
rElec    .         Harm     .   A - +0 cloak
rCorr    .         Rampage  .   r - +1 pair of gloves
Will     .....                  (no boots)
Stlth    +++.......             x - amulet of magic regeneration
HPRegen  0.20/turn              (no ring)
MPRegen  0.41/turn              (no ring)

@: very slow
A: hooves 2, thin skeletal structure 1, powered by death 1, demonic magic 1
a: Renounce Religion, Evoke Blink, Bend Time


You were on level 7 of the Dungeon.
You worshipped Cheibriados.
Cheibriados was noncommittal.
You visited 2 branches of the dungeon, and saw 10 of its levels.

You collected 294 gold pieces.

Inventory:

Hand Weapons
 c - a +0 long sword
 f - a +0 dagger of venom
 o - a +0 hunting sling
 t - a +1 rapier of electrocution
 C - the +8 Vampire's Tooth (weapon) {vamp}
   (You found it on level 6 of the Dungeon)

   It inflicts no extra harm, but heals its wielder when it wounds a living foe.
Missiles
 d - 126 stones
 g - 14 boomerangs
Armour
 a - a +0 robe
 m - the +1 buckler "Xipsug" (worn) {*Slow +Blink rF++ Slay+3}
   (You acquired it on level 8 of the Dungeon)

   It affects your accuracy and damage with ranged weapons and melee attacks
   (+3).
   It greatly protects you from fire.
   It lets you blink.
   It may slow you when you take damage.
 q - a +0 pair of gloves
 r - a +1 pair of gloves (worn)
 s - a +1 helmet (worn)
 v - a +0 leather armour
 A - a +0 cloak (worn)
 D - the +2 robe "Kot Hul" (worn) {Dex+3}
   (You found it on level 8 of the Dungeon)

   It affects your dexterity (+3).
Magical Staves
 B - a staff of conjuration
Jewellery
 n - an amulet of the acrobat
 x - an amulet of magic regeneration (around neck)
Wands
 e - a wand of iceblast (24)
 y - a wand of paralysis (1)
 z - a wand of polymorph (6)
 F - a wand of acid (11)
Scrolls
 h - 3 scrolls of teleportation
 p - 2 scrolls of amnesia
Potions
 b - a potion of ambrosia
 i - a potion of attraction
 j - 3 potions of curing
 k - a potion of degeneration {unknown}
 l - 2 potions of haste {unknown}
 u - 4 potions of berserk rage {unknown}
 w - a potion of might {unknown}
 E - a potion of heal wounds {unknown}


   Skills:
 + Level 2.7 Fighting
 - Level 2.2 Dodging
 - Level 1.7 Stealth
 + Level 2.0 Shields
 + Level 2.3 Unarmed Combat
 * Level 6.8 Spellcasting
 - Level 1.2 Conjurations
 + Level 1.3 Hexes
 + Level 3.7 Transmutations
 - Level 1.7 Fire Magic
 - Level 2.0 Air Magic
 - Level 7.0 Poison Magic


You had 2 spell levels left.
You knew the following spells:

 Your Spells              Type           Power      Damage    Failure   Level
a - Sting                 Tmut/Pois      100%       1d8       1%          1
b - Ignite Poison         Fire/Tmut/Pois 23%        N/A       7%          3
c - Mephitic Cloud        Conj/Pois/Air  20%        N/A       9%          3
d - Spider Form           Tmut/Pois      14%        N/A       4%          3
e - Olgreb's Toxic Radia  Pois           35%        N/A       7%          4
f - Wereblood             Tmut           21%        N/A       4%          2
g - Confusing Touch       Hex            12%        N/A       21%         3

Your spell library contained the following spells:

 Spells                   Type           Power      Damage    Failure   Level
 Beastly Appendage        Tmut           42%        N/A       2%          1
 Poisonous Vapours        Pois/Air       48%        N/A       3%          2
 Magic Dart               Conj           44%        1d5       8%          1
 Searing Ray              Conj           22%        3d3       11%         2
 Dazzling Flash           Conj/Hex       24%        N/A       22%         3
 Gell's Gravitas          Tloc           3%         N/A       36%         3
 Ice Form                 Ice/Tmut       14%        N/A       50%         4
 Petrify                  Tmut/Erth      14%        N/A       50%         4
 Fulminant Prism          Conj/Hex       6%         3d7       56%         4
 Hydra Form               Tmut           10%        N/A       58%         5
 Iskenderun's Mystic Bla  Conj/Tloc      9%         2d4       67%         4
 Yara's Violent Unravell  Hex/Tmut       8%         3d5       75%         5
 Metabolic Englaciation   Hex/Ice        4%         N/A       95%         5


Dungeon Overview and Level Annotations

Branches:
Dungeon (9/15)             Temple (1/1) D:7            Lair (0/6) D:8
    Orc: D:9-12

Altars:
Cheibriados
Dithmenos
Fedhas
Gozag
Hepliaklqana
Kikubaaqudgha
Makhleb
Okawaru
Qazlal
Ru
Vehumet
Wu Jian
Xom
Yredelemnul
The Shining One


Innate Abilities, Weirdness & Mutations

You have hoof-like feet.
You have a somewhat thin skeletal structure. (Dex +2, Stealth+)
You regenerate a little health from kills.
Spells you cast may paralyse adjacent enemies.


Message History

The six-headed hydra is no longer paralysed.
The six-headed hydra bites you but does no damage.
You block the six-headed hydra's attack.
The six-headed hydra bites you!
The six-headed hydra bites you but does no damage.
The six-headed hydra closely misses you.
The six-headed hydra barely misses you.
You regained 3 hp, and now have 46/62 hp.
You hit the six-headed hydra. You kick the six-headed hydra!
The six-headed hydra is almost dead.
The six-headed hydra bites you. x4; The six-headed hydra barely misses you. x2
You take 14 damage, and have 32/62 hp.
MASSIVE DAMAGE!!
Aiming: Sting (safe; 1% risk of failure)
Press: ? - help, Q - select action, (/) - cycle Shift-Dir - straight line, f/p - six-headed hydra
Aim: a six-headed hydra (almost dead, 92% to hit)
The sting hits the six-headed hydra.
The six-headed hydra partially resists.
The six-headed hydra is poisoned.
The six-headed hydra is almost dead.
Malevolent energies surge around you.
You block the six-headed hydra's attack.
The six-headed hydra misses you.
You block the six-headed hydra's attack.
The six-headed hydra bites you. The six-headed hydra bites you!
The six-headed hydra barely misses you.
You take 9 damage, and have 23/62 hp.
You now have 18/19 mp.
Aiming: Sting (safe; 1% risk of failure)
Press: ? - help, Q - select action, (/) - cycle Shift-Dir - straight line, f/p - six-headed hydra
Aim: a six-headed hydra (almost dead, poisoned, 92% to hit)
The sting hits the six-headed hydra.
The six-headed hydra looks even sicker.
The six-headed hydra is almost dead.
Malevolent energies surge around you.
The six-headed hydra bites you but does no damage.
The six-headed hydra bites you!
* * * LOW HITPOINT WARNING * * *
The six-headed hydra bites you.
* * * LOW HITPOINT WARNING * * *
The six-headed hydra bites you but does no damage.
The six-headed hydra closely misses you.
The six-headed hydra bites you!
You die...

# .# ##.
..# ##..
...###..#
#.......#
#.....D##
##.....@.##
#.........#
...###....#
. ##..##
#...# #..##
### ....
#..# ##..
...# #..#
#... ...
#..## #..#


You could see a six-headed hydra (very poisoned).

Vanquished Creatures
  A wyvern (D:7)
  Eustachio (D:5)
  2 vampire mosquitoes (D:7)
  An acid dragon (D:6)
  A water moccasin (D:5)
  A sky beast (D:7)
  2 ice beasts
  A necrophage (D:6)
  2 ogres
  A phantom (D:7)
  3 bullfrogs
  A water moccasin zombie (D:4)
  5 killer bees (D:8)
  A howler monkey (D:8)
  2 jellies
  5 hounds
  A gnoll shaman (D:6)
  2 iguanas
  Ijyb (D:5)
  An orc wizard (D:5)
  A hound skeleton (D:4)
  4 gnolls (D:6)
  5 adders
  A shadow imp (D:5)
  2 white imps
  3 ufetubi
  An adder skeleton (D:4)
  2 worms
  3 dart slugs
  6 orcs
  7 endoplasms
  4 giant cockroaches
  7 goblins
  10 hobgoblins
  3 jackals (D:3)
  5 quokkas
  4 ball pythons
  7 bats (D:1)
  8 frilled lizards
  6 kobolds
  2 rats (D:2)
126 creatures vanquished.

Notes
Turn   | Place    | Note
-------+----------+-------------------------------------------
     0 | D:1      | jasper the Demonspawn Venom Mage began the quest for the
                  | Orb.
     0 | D:1      | Reached XP level 1. HP: 13/13 MP: 3/3
    30 | D:1      | Reached skill level 1 in Transmutations
   200 | D:1      | Gained mutation: You have a somewhat thin skeletal
                  | structure. (Dex +2, Stealth+) [demonic ancestry]
   200 | D:1      | Reached XP level 2. HP: 19/19 MP: 1/5
   358 | D:1      | Found a faded altar of an unknown god.
  1254 | D:2      | Gained mutation: Spells you cast may paralyse adjacent
                  | enemies. [demonic ancestry]
  1254 | D:2      | Reached XP level 3. HP: 16/24 MP: 0/6
  1258 | D:2      | Learned a level 3 spell: Ignite Poison
  2159 | D:3      | Gained mutation: You have large cloven feet. [demonic
                  | ancestry]
  2159 | D:3      | Reached XP level 4. HP: 30/30 MP: 4/7
  2163 | D:3      | Learned a level 3 spell: Mephitic Cloud
  2337 | D:3      | Reached skill level 4 in Poison Magic
  2424 | D:3      | Reached skill level 1 in Fire Magic
  3312 | D:4      | Reached XP level 5. HP: 22/35 MP: 5/8
  3411 | D:4      | Reached skill level 5 in Poison Magic
  3415 | D:4      | Learned a level 3 spell: Spider Form
  3857 | D:4      | Reached XP level 6. HP: 30/41 MP: 5/11
  4945 | D:5      | Entered Level 5 of the Dungeon
  5064 | D:5      | Reached skill level 6 in Poison Magic
  5170 | D:5      | Noticed Eustachio
  5192 | D:5      | Reached XP level 7. HP: 46/46 MP: 11/13
  5197 | D:5      | Learned a level 4 spell: Olgreb's Toxic Radiance
  5257 | D:5      | Noticed Ijyb
  5278 | D:5      | Killed Ijyb
  5972 | D:6      | Reached skill level 7 in Poison Magic
  6058 | D:6      | Found the +8 Vampire's Tooth {vamp}
  6200 | D:6      | Reached skill level 1 in Air Magic
  6289 | D:6      | Reached skill level 5 in Spellcasting
  6289 | D:6      | Reached skill level 1 in Conjurations
  6289 | D:6      | Gained mutation: You have hoof-like feet. [demonic
                  | ancestry]
  6289 | D:6      | Reached XP level 8. HP: 52/52 MP: 13/15
  6436 | D:6      | You fall into a shaft and drop 3 floors!
  6444 | D:8      | Found a staircase to the Lair.
  6444 | D:8      | Noticed a death yak
  6444 | D:8      | Noticed a death yak
  6444 | D:8      | Noticed a death yak
  6715 | D:8      | Identified the +2 robe "Kot Hul" {Dex+3}
  6818 | D:8      | Learned a level 2 spell: Wereblood
  6858 | D:8      | Reached skill level 1 in Fighting
  6863 | D:8      | Reached skill level 1 in Unarmed Combat
  7228 | D:8      | Identified a scroll of acquirement
  7228 | D:8      | Acquired the +1 buckler "Xipsug" {*Slow +Blink rF++ Slay+3}
  7515 | D:5      | Reached skill level 1 in Shields
  7849 | D:5      | Killed Eustachio
  7926 | D:5      | Learned a level 3 spell: Confusing Touch
  8355 | D:7      | Gained mutation: You regenerate a little health from kills.
                  | [demonic ancestry]
  8355 | D:7      | Reached XP level 9. HP: 61/61 MP: 18/18
  8360 | D:7      | Found a staircase to the Ecumenical Temple.
  8376 | D:7      | Reached skill level 1 in Hexes
  8381 | Temple   | Entered the Ecumenical Temple
  8446 | Temple   | Became a worshipper of Cheibriados the Contemplative
  8640 | D:7      | Noticed a six-headed hydra
  8652 | D:7      | Slain by a six-headed hydra

Illustrated notes

Levels and vault maps discovered:
D:1:      psy_arrival_dodecagon, layout_basic, chequers_ecumenical_altar_simple
D:2:      layout_rooms
D:3:      layout_loops_ring
D:4:      cheibrodos_barr_body, layout_loops_corners
D:5:      layout_basic, cheibrodos_sewer_entry_bend, uniq_eustachio, uniq_ijyb
D:6:      layout_cave_pods
D:7:      layout_layer_cave, minmay_temple_entry_statues_fountains
D:8:      layout_basic, dpeg_lair_monsters, ebering_ghost_reflecting_pool
D:9:      layout_irregular_city, kennysheep_decorative_pillar, nzn_random_ring,
          uniq_maurice
Temple:   regret_index_temple_sigil_plot

Skill      XL: |  1  2  3  4  5  6  7  8  9 |
---------------+----------------------------+-----
Transmutations | 1 2 3 |  3.7
Poison Magic   | 4 5 6 7 |  7.0
Fire Magic     | 1 |  1.7
Spellcasting   | 3 4 5 6 |  6.8
Air Magic      | 1 2 |  2.0
Conjurations   | 1 |  1.2
Dodging        | 2 |  2.2
Fighting       | 2 |  2.7
Unarmed Combat | 2 |  2.3
Shields        | 1 2 |  2.0
Hexes          | 1 |  1.3
Stealth        | |  1.7

Action                   |  1- 3 |  4- 6 |  7- 9 || total
-------------------------+-------+-------+-------++-------
Melee: Unarmed           |     9 |       |       ||     9
       Long sword        |     9 |    29 |    16 ||    54
       Kick              |       |     7 |    29 ||    36
       Quick blade       |       |       |    78 ||    78
       Dagger            |       |       |     3 ||     3
 Cast: Sting             |    79 |    87 |    53 ||   219
       Mephitic Cloud    |       |       |     2 ||     2
       Olgreb's Toxic Ra |       |       |     1 ||     1
       Ignite Poison     |       |       |     1 ||     1
       Confusing Touch   |       |       |     1 ||     1
Evoke: Wand              |       |     7 |     7 ||    14
  Use: Scroll            |     5 |     2 |     4 ||    11
       Potion            |       |       |     1 ||     1
 Stab: Paralysed         |     4 |    11 |    39 ||    54
       Sleeping          |       |       |     3 ||     3
       Confused          |       |       |     1 ||     1
Armor: Robe              |     4 |     6 |    27 ||    37
Dodge: Dodged            |    11 |    35 |    54 ||   100
Block: Buckler           |       |       |     9 ||     9
       Rpst.: Long sword |     2 |     9 |     4 ||    15

Table legend: (Time is in decaauts)
 A = Elapsed time spent in this place.
 B = Non-inter-level travel time spent in this place.
 C = Inter-level travel time spent in this place.
 D = Time resting spent in this place.
 E = Time spent auto-exploring this place.
 F = Levels seen in this place.
 G = Mean time per level.
                   A        B        C        D        E       F      G
               +--------+--------+--------+--------+--------+-----+--------+
         Total |   8702 |   8419 |    283 |   1428 |   5396 |  10 |  870.2 |
       Dungeon |   8611 |   8352 |    259 |   1428 |   5345 |   9 |  956.8 |
        Temple |     91 |     67 |     24 |      0 |     51 |   1 |   91.0 |
               +--------+--------+--------+--------+--------+-----+--------+

Top non-repeatable levels by time:
     D:4: 1608 daAuts
     D:5: 1311 daAuts
     D:1: 1246 daAuts
     D:3: 1197 daAuts
     D:6: 1142 daAuts
     D:2: 909 daAuts
     D:8: 852 daAuts
     D:7: 337 daAuts
  Temple: 91 daAuts
     D:9: 7 daAuts
